 Seeded DCSS version 0.28-a0-1567-g1695149f81 (webtiles) character file.

Game seed: 138 (custom seed)

9895 knot the Cleaver (level 11, -5/75 HPs)
             Began as a Demonspawn Berserker on Jan 19, 2022.
             Was a Priest of Trog.
             Slain by a minotaur (10 damage)
             ... in a Gauntlet.
             The game lasted 00:25:26 (14464 turns).

knot the Cleaver (Demonspawn Berserker)            Turns: 14464, Time: 00:25:27

Health: -5/75      AC: 11    Str: 18 (21) XL:     11   Next: 29%
Magic:  11/11      EV: 15    Int: 12 (14) God:    Trog [***...]
Gold:   591        SH:  0    Dex: 11 (12) Spells: 10/10 levels left

rFire   + . .      SeeInvis .   F - +9 war axe of Calamity {freeze, rN+ rCorr Str+4 Stlth-}
rCold   + . .      Faith    .   (no shield)
rNeg    + . .      Spirit   .   j - +0 ring mail {rC+}
rPois   +          Reflect  .   (helmet restricted)
rElec   .          Harm     .   x - +1 cloak {rPois}
rCorr   +          Rampage  .   b - +0 pair of gloves
Will    .....      Clarity  +   v - +0 pair of boots
Stlth   .......... NoTele   +   z - amulet of the acrobat
HPRegen 0.22/turn               f - ring of protection from fire
MPRegen 0.24/turn               B - +4 ring of evasion

@: mighty, hasted, unable to read, very quick
A: antennae 2, slimy green scales 1, powered by death 2, magic regeneration,
fangs 1, clarity, inability to read while threatened
a: Renounce Religion, Berserk, Trog's Hand


You were in a Gauntlet.
You worshipped Trog.
Trog was most pleased with you.
You visited 1 branch of the dungeon, and saw 11 of its levels.
You also visited: Gauntlet.

You collected 591 gold pieces.

Inventory:

Hand Weapons
 l - a +2 hand axe of flaming
 F - the +9 war axe of Calamity (weapon) {freeze, rN+ rCorr Str+4 Stlth-}
   (You took it off a gnoll on level 8 of the Dungeon)

   It freezes those it strikes, dealing additional cold damage.
   It can also slow down cold-blooded creatures.
   Str:       It affects your strength (+4).
   rN:        It protects you from negative energy.
   rCorr:     It protects you from acid and corrosion.
   Stlth:     It makes you less stealthy.
Missiles
 c - 161 stones
 k - 2 boomerangs
 r - 5 javelins
 P - 33 sling bullets
 Q - 8 poisoned darts (quivered)
Armour
 b - a +0 pair of gloves (worn)
 j - a +0 ring mail of cold resistance (worn)
 p - a +1 leather armour of fire resistance
 q - a +1 pair of boots of rampaging
 v - a +0 pair of boots (worn)
 x - a +1 cloak of poison resistance (worn)
 K - +0 steam dragon scales
 O - a +0 cloak of preservation
Jewellery
 d - a ring of ice
 f - a ring of protection from fire (left hand)
 h - a ring of ice
 s - a ring of protection from fire
 z - an amulet of the acrobat (around neck)
 B - a +4 ring of evasion (right hand)
 N - a +6 ring of dexterity
Wands
 A - a wand of iceblast (11)
 G - a wand of paralysis (13)
Scrolls
 i - a scroll of fog
 t - 3 scrolls of blinking
 w - a scroll of noise
 y - a scroll of enchant armour
 C - 2 scrolls of immolation
 D - 4 scrolls of teleportation
Potions
 a - 2 potions of ambrosia
 e - 3 potions of curing
 g - 4 potions of heal wounds
 m - 2 potions of might
 n - 3 potions of haste
 o - a potion of flight
 I - 2 potions of berserk rage


   Skills:
 - Level 3.0 Fighting
 * Level 13.0 Axes
 * Level 10.3 Throwing
 - Level 1.7 Armour
 - Level 1.7 Dodging


You had 10 spell levels left.
You didn't know any spells.
Your spell library contained the following spells:

 Spells                   Type           Power      Damage    Failure   Level
 Animate Skeleton         Necr           0%         N/A       50%         1
 Apportation              Tloc           0%         N/A       50%         1
 Sting                    Tmut/Pois      0%         1d3       50%         1
 Summon Small Mammal      Summ           0%         N/A       50%         1
 Sublimation of Blood     Necr           0%         N/A       65%         2
 Gell's Gravitas          Tloc           0%         N/A       86%         3
 Lesser Beckoning         Tloc           0%         N/A       86%         3
 Portal Projectile        Hex/Tloc       0%         N/A       86%         3
 Teleport Other           Tloc           0%         N/A       86%         3
 Tukima's Dance           Hex            0%         N/A       86%         3
 Anguish                  Hex/Necr       0%         N/A       99%         4
 Passage of Golubria      Tloc           0%         N/A       99%         4
 Petrify                  Tmut/Erth      0%         N/A       99%         4
 Summon Lightning Spire   Summ/Air       0%         N/A       99%         4
 Blade Hands              Tmut           0%         N/A       100%        5
 Excruciating Wounds      Necr           0%         N/A       100%        5
 Irradiate                Conj/Tmut      0%         3d13      100%        5
 Yara's Violent Unravell  Hex/Tmut       0%         3d3       100%        5
 Statue Form              Tmut/Erth      0%         N/A       100%        6
 Enfeeble                 Hex            0%         N/A       100%        7
 Necromutation            Tmut/Necr      0%         N/A       100%        8


Dungeon Overview and Level Annotations

Branches:
Dungeon (11/15)            Temple (0/1) D:4            Lair (0/6) D:8
    Orc (0/2) D:9         Gauntlet (1/1)

Altars:
Ashenzari
Dithmenos
Elyvilon
Fedhas
Gozag
Hepliaklqana
Makhleb
Okawaru
Ru
Uskayaw
Vehumet
Wu Jian
Zin
Beogh
Jiyva

Shops:
D:3 *   D:6 *   D:7 *   D:8 *

Annotations:
Gauntlet 10 transporters, exclusion: oklob plant


Innate Abilities, Weirdness & Mutations

You have a pair of antennae on your head.
You are partially covered in slimy green scales. (AC +2)
You regenerate health from kills.
You regenerate magic rapidly.
You have very sharp teeth.
You possess an exceptional clarity of mind.
You sometimes lose the ability to read scrolls when taking damage.


Message History

You feel much better.
Okay, then.
Okay, then.
You feel much better.
Your ogre hits the minotaur but does no damage.
The minotaur throws a silver javelin.
The silver javelin closely misses your ogre.
The silver javelin completely misses you.
The minotaur blocks your ogre's attack.
The minotaur hits your ogre with the +14 obsidian axe {vorpal, Mesm Drain Fly SInv}!!
The minotaur gores your ogre but does no damage.
The minotaur blocks your ogre's attack. The minotaur barely misses your ogre.
The minotaur gores your ogre!! The minotaur blocks your ogre's attack.
Your ogre rages.
The minotaur throws a silver javelin.
The silver javelin pierces through your ogre!!
Your ogre dies!
Your ogre's corpse disappears in a puff of smoke!
The silver javelin pierces through you!!
You feel threatened and lose the ability to read scrolls!
The silver sears you!
Aiming: Paralyse
Press: ? - help, Shift-Dir - straight line, f - minotaur
Aim: a minotaur, wielding the +14 obsidian axe {vorpal, Mesm Drain Fly SInv}, wearing the +6 scale mail of a Gauntlet {Contam rPois Regen+ Dex+7}, wearing a +1 tower shield of reflection and quivering silver javelins (chance to affect: 1%)
The minotaur resists with almost no effort.
The minotaur throws a silver javelin.
The silver javelin pierces through you!
* * * LOW HITPOINT WARNING * * *
The silver sears you!
* * * LOW HITPOINT WARNING * * *
You cannot read scrolls in your current state!
You feel much better.
Okay, then.
Okay, then.
You cannot read scrolls in your current state!
Unknown command.
You feel very mighty all of a sudden.
You feel yourself speed up.
The minotaur hits you with the +14 obsidian axe {vorpal, Mesm Drain Fly SInv}!!!
* * * LOW HITPOINT WARNING * * *
You die...

###8.#8.8# #....#...# #.#..#8.8
# #.#..##+##..#.#
#.............# #.#.##H#.##.#.#
#.#..§.#....#.#
###.#H#######.#.###
#≈....@..........≈#
#8.8.8.8.8.8.8.8.8# ## #8#
#≈...............≈# #8
##########.#########.########
#≈.......#.#..≈∩≈..#.#.......
###........#©#.......#©#.......
#8#..###########...###########.
###..#....uG#.u#...#.........#.
#....#.....#...#...#.##...##.#.


You could see a minotaur, a great orb of eyes and 2 ugly things.

Vanquished Creatures
  A boulder beetle (D:9)
  Urug (D:10)
  A cyclops (D:6)
  Maurice (D:9)
  3 centaur zombies
  A gargoyle (D:11)
  An unseen horror (D:7)
  A queen bee (Gauntlet)
  Grinder (D:3)
  2 hornets
  A vampire (D:8)
  A shadow (D:11)
  2 wyverns
  9 yaks
  A steam dragon (D:9)
  Edmund (D:5)
  2 water moccasins (D:6)
  4 orc warriors
  3 centaurs
  3 bullfrogs
  4 scorpions
  A gnoll sergeant (D:8)
  A water moccasin skeleton (D:4)
  8 wights
  8 killer bees
  A howler monkey (D:6)
  2 hounds (D:5)
  5 jellies
  A gnoll shaman (D:7)
  7 orc priests
  Crazy Yiuf (D:5)
  Jessica (D:3)
  Natasha (thrice) (D:3)
  6 iguanas
  12 orc wizards
  A killer bee zombie (D:8)
  2 hound skeletons (D:4)
  9 gnolls
  2 howler monkey zombies
  8 adders
  A white imp (D:6)
  A worm (D:2)
  6 dart slugs
  49 orcs
  5 endoplasms
  4 giant cockroaches
  5 goblins
  8 hobgoblins
  7 jackals
  7 kobolds
  3 quokkas
  6 ball pythons
  8 bats
  A frilled lizard (D:3)
  A rat (D:1)
235 creatures vanquished.

Vanquished Creatures (collateral kills)
  A snapping turtle (shapeshifter) (Gauntlet)
1 creature vanquished.

Vanquished Creatures (others)
  An unseen horror (D:11)
  A gnoll (D:8)
2 creatures vanquished.

Grand Total: 238 creatures vanquished

Notes
Turn   | Place    | Note
-------+----------+-------------------------------------------
     0 | D:1      | knot the Demonspawn Berserker began the quest for the Orb.
     0 | D:1      | Reached XP level 1. HP: 18/18 MP: 1/1
    38 | D:1      | Reached skill level 3 in Axes
   146 | D:1      | Gained mutation: You have a pair of small antennae on your
                  | head. [demonic ancestry]
   146 | D:1      | Reached XP level 2. HP: 21/24 MP: 2/2
   186 | D:1      | Noticed an eye of devastation
   187 | D:1      | Found a faded altar of an unknown god.
   190 | D:1      | Noticed a floating eye
   197 | D:1      | Noticed a shining eye
   209 | D:1      | Noticed a shining eye
   311 | D:1      | Got Sif Muna's Volume of Flying Transmigration
   603 | D:2      | Reached XP level 3. HP: 15/29 MP: 3/3
   815 | D:2      | Reached skill level 4 in Axes
  1693 | D:2      | Gained mutation: You regenerate a little health from kills.
                  | [demonic ancestry]
  1693 | D:2      | Reached XP level 4. HP: 35/35 MP: 4/4
  2059 | D:2      | Reached ** piety under Trog
  2526 | D:3      | Noticed Jessica
  2536 | D:3      | Killed Jessica
  2537 | D:3      | Reached skill level 5 in Axes
  2890 | D:3      | Noticed Grinder
  2890 | D:3      | Noticed Natasha
  2898 | D:3      | Killed Natasha
  2899 | D:3      | Gained mutation: You have a pair of antennae on your head.
                  | [demonic ancestry]
  2899 | D:3      | Reached XP level 5. HP: 24/41 MP: 5/5
  3048 | D:3      | Found Adghauck's Assorted Antiques.
  3400 | D:3      | Paralysed by Grinder for 7 turns
  3414 | D:3      | Killed Grinder
  3415 | D:3      | Reached skill level 6 in Axes
  3415 | D:3      | Reached XP level 6. HP: 47/47 MP: 6/6
  3509 | D:3      | Noticed Natasha
  3520 | D:3      | Killed Natasha
  3525 | D:3      | Noticed Natasha
  3536 | D:3      | Killed Natasha
  3795 | D:3      | Found an ornate altar of the Wu Jian Council.
  4150 | D:4      | Reached skill level 7 in Axes
  4477 | D:4      | Reached XP level 7. HP: 31/52 MP: 7/7
  4608 | D:4      | Found a staircase to the Ecumenical Temple.
  4881 | D:5      | Entered Level 5 of the Dungeon
  4899 | D:5      | Found a blossoming altar of Fedhas.
  4902 | D:5      | Noticed Edmund
  4925 | D:5      | Killed Edmund
  4926 | D:5      | Reached skill level 8 in Axes
  5419 | D:5      | Found a runed translucent door.
  5420 | D:5      | Noticed Crazy Yiuf
  5693 | D:5      | Reached skill level 1 in Throwing
  6802 | D:5      | Killed Crazy Yiuf
  6923 | D:6      | Gained mutation: You regenerate health from kills. [demonic
                  | ancestry]
  6923 | D:6      | Reached XP level 8. HP: 58/58 MP: 8/8
  7490 | D:6      | Reached skill level 9 in Axes
  8010 | D:6      | Found Diekumi's Desiderata Depot.
  8356 | D:6      | Reached skill level 5 in Throwing
  8636 | D:7      | Reached XP level 9. HP: 63/63 MP: 9/9
  8793 | D:7      | Found a radiant altar of Vehumet.
  9081 | D:7      | Noticed a cyclops
  9128 | D:6      | Reached skill level 10 in Axes
  9313 | D:6      | Killed a cyclops
  9786 | D:7      | Killed an unseen horror
  9833 | D:7      | Found Kiti Cuo's General Store.
 10076 | D:7      | Found a hide-covered altar of Uskayaw.
 10493 | D:7      | Reached skill level 11 in Axes
 10850 | D:8      | Identified the +9 war axe of Calamity {freeze, rN+ rCorr
                  | Str+4 Stlth-}
 10911 | D:8      | Gained mutation: You regenerate magic rapidly. [demonic
                  | ancestry]
 10911 | D:8      | Reached XP level 10. HP: 70/70 MP: 10/10
 10927 | D:8      | Found Zin's Purification Station.
 11031 | D:8      | Reached *** piety under Trog
 11155 | D:8      | Found a staircase to the Lair.
 11273 | D:8      | Found a shadowy altar of Dithmenos.
 11275 | D:8      | Found a burning altar of Makhleb.
 11276 | D:8      | Found a broken altar of Ashenzari.
 11310 | D:8      | Found a hazy altar of Hepliaklqana.
 11314 | D:8      | Found a sacrificial altar of Ru.
 11820 | D:9      | Found an opulent altar of Gozag.
 11930 | D:9      | Noticed a boulder beetle
 11953 | D:9      | Killed a boulder beetle
 12197 | D:9      | Reached skill level 12 in Axes
 12314 | D:9      | Found a viscous altar of Jiyva.
 12444 | D:9      | Noticed Maurice
 12462 | D:9      | Killed Maurice
 12518 | D:9      | Found a staircase to the Orcish Mines.
 12535 | D:9      | Reached **** piety under Trog
 12670 | D:10     | Entered Level 10 of the Dungeon
 12708 | D:10     | Found an iron altar of Okawaru.
 12824 | D:10     | Noticed Urug
 12842 | D:10     | Killed Urug
 12843 | D:10     | Gained mutation: You are partially covered in slimy green
                  | scales. (AC +2) [demonic ancestry]
 12843 | D:10     | Reached XP level 11. HP: 64/75 MP: 11/11
 13388 | D:11     | Reached skill level 10 in Throwing
 13392 | D:11     | Found a gate leading to a gauntlet.
 13456 | Gauntlet | Entered a Gauntlet
 13456 | Gauntlet | Found a transporter.
 13456 | Gauntlet | Found a transporter.
 13593 | Gauntlet | Found a transporter.
 13593 | Gauntlet | Found a transporter.
 13595 | Gauntlet | Noticed a catoblepas
 13617 | Gauntlet | Found a transporter.
 13625 | Gauntlet | Noticed a cyan ugly thing
 13627 | Gauntlet | Found a transporter.
 13627 | Gauntlet | Found a transporter.
 13628 | Gauntlet | Noticed a red ugly thing
 13629 | Gauntlet | Noticed a great orb of eyes
 13651 | Gauntlet | Found a transporter.
 13658 | Gauntlet | Found a transporter.
 13672 | Gauntlet | Found a transporter.
 13720 | Gauntlet | Found a transporter.
 13721 | Gauntlet | Noticed an oklob plant
 13729 | Gauntlet | Found a transporter.
 13743 | Gauntlet | Found a transporter.
 13833 | Gauntlet | Found a transporter.
 13843 | Gauntlet | Found a transporter.
 13851 | Gauntlet | Noticed an orb spider
 13857 | Gauntlet | Found a transporter.
 13869 | Gauntlet | an orb spider changed into a swamp worm
 13877 | Gauntlet | Noticed a mana viper
 13877 | Gauntlet | a swamp worm changed into a mana viper
 13925 | Gauntlet | a mana viper changed into an eye of devastation
 14069 | Gauntlet | Gained mutation: You sometimes lose the ability to read
                  | scrolls when taking damage. [potion of mutation]
 14069 | Gauntlet | Gained mutation: You have very sharp teeth. [potion of
                  | mutation]
 14069 | Gauntlet | Gained mutation: You possess an exceptional clarity of
                  | mind. [potion of mutation]
 14102 | Gauntlet | Reached skill level 13 in Axes
 14156 | Gauntlet | Identified the +0 hat of Glamorous Liberty {Dex+4}
 14444 | Gauntlet | Identified the +9 hunting sling of Hiugg {vorpal, Int+4}
 14444 | Gauntlet | Identified the +6 scale mail of a Gauntlet {Contam rPois
                  | Regen+ Dex+7}
 14444 | Gauntlet | Noticed a minotaur
 14464 | Gauntlet | Slain by a minotaur

Illustrated notes

Levels and vault maps discovered:
D:1:      dpeg_arrival_rooms_a, layout_basic,
          hellmonk_ecumenical_altar_watching_god, minmay_misc_feat_nine_boxes
D:2:      layout_rooms
D:3:      layout_rooms, mainiacjoe_overflow_surrounded_room, serial_shops, shop,
          uniq_grinder, uniq_natasha, uniq_jessica
D:4:      layout_basic, minmay_temple_entry_offerings
D:5:      layout_loops_cross, mainiacjoe_overflow_alcove_1, uniq_edmund,
          uniq_crazy_yiuf_cottage
D:6:      layout_rooms, nicolae_alphabet_shops, kennysheep_donut
D:7:      layout_rooms, lemuel_tele_altar, mainiacjoe_overflow_tiny_flanked,
          serial_shops, nicolae_lakefront_shop
D:8:      layout_loops_ring, minitemple, zin_purify,
          grunt_temple_overflow_diamond, lair_entry_dummy
D:9:      layout_basic, nicolae_gozag_cash_rules_everything_around_me,
          minmay_orc_entry_temple_small, jiyva_altar_1, uniq_maurice
D:10:     layout_roguey, okawaru_gym_becter, uniq_urug
D:11:     layout_cross, enter_trove_5, gauntlet_entry_generic
Gauntlet: gammafunk_gauntlet_branching [gammafunk_gauntlet_arena_split_x,
          gammafunk_gauntlet_arena_chambers, nicolae_gauntlet_arena_grate_2,
          nicolae_gauntlet_arena_t_cross, gammafunk_gauntlet_arena_grid,
          gammafunk_gauntlet_arena_split_diamond,
          gammafunk_gauntlet_arena_corners, nicolae_gauntlet_swirl,
          nicolae_gauntlet_exit_dead_adventurers]

Skill      XL: |  1  2  3  4  5  6  7  8  9 10 11 |
---------------+----------------------------------+-----
Axes           | 3 4 5 6 7 8 9 11 12 13 | 13.0
Throwing       | 2 5 7 9 10 | 10.3
Fighting       | |  3.0
Armour         | |  1.7
Dodging        | |  1.7

Action                   |  1- 3 |  4- 6 |  7- 9 | 10-12 || total
-------------------------+-------+-------+-------+-------++-------
Melee: Hand axe          |    66 |   165 |   299 |       ||   530
       Punch             |       |     1 |     2 |     4 ||     7
       War axe           |       |       |     2 |   187 ||   189
Throw: Dart              |       |       |     5 |    20 ||    25
       Boomerang         |       |       |    32 |       ||    32
Invok: Berserk           |     4 |     6 |    14 |     2 ||    26
       Trog's Hand       |       |     1 |     2 |       ||     3
       Brothers in Arms  |       |       |       |     2 ||     2
Evoke: Wand              |       |       |     6 |     9 ||    15
  Use: Scroll            |       |       |    10 |     5 ||    15
       Potion            |       |       |     1 |    11 ||    12
 Stab: Sleeping          |     1 |       |       |       ||     1
Armor: Animal skin       |     3 |       |       |       ||     3
       Leather armour    |    13 |    28 |       |       ||    41
       Ring mail         |       |    28 |    82 |    33 ||   143
Dodge: Dodged            |    54 |    97 |   171 |   126 ||   448

Table legend: (Time is in decaauts)
 A = Elapsed time spent in this place.
 B = Non-inter-level travel time spent in this place.
 C = Inter-level travel time spent in this place.
 D = Time resting spent in this place.
 E = Time spent auto-exploring this place.
 F = Levels seen in this place.
 G = Mean time per level.
                   A        B        C        D        E       F      G
               +--------+--------+--------+--------+--------+-----+--------+
         Total |  14617 |  14083 |    534 |   5830 |   6264 |  12 | 1218.1 |
       Dungeon |  13627 |  13093 |    534 |   5444 |   6007 |  11 | 1238.8 |
      Gauntlet |    990 |    990 |      0 |    386 |    257 |   1 |  990.0 |
               +--------+--------+--------+--------+--------+-----+--------+

Top non-repeatable levels by time:
     D:5: 2310 daAuts
     D:2: 1836 daAuts
     D:6: 1797 daAuts
     D:7: 1510 daAuts
     D:3: 1413 daAuts
     D:8: 1235 daAuts
     D:9: 993 daAuts
Gauntlet: 990 daAuts
     D:4: 941 daAuts
     D:1: 803 daAuts
    D:10: 632 daAuts
    D:11: 153 daAuts
